 Dungeon Crawl Stone Soup version 0.26.0-45-g9c1d065592 (webtiles) character file.

Game seed: 3279998296432739062

3434 kaeus the Covert (level 10, 0/69 HPs)
             Began as an Octopode Monk on Jan 27, 2021.
             Was an Elder of Dithmenos.
             Killed by divine providence
             ... invoked by an orc priest
              (11 damage)
             ... on level 9 of the Dungeon.
             The game lasted 00:12:03 (9981 turns).

kaeus the Covert (Octopode Monk)                    Turns: 9981, Time: 00:12:04

Health: 0/69       AC:  1    Str: 10    XL:     10   Next: 5%
Magic:  10/10      EV: 19    Int: 13    God:    Dithmenos [****..]
Gold:   360        SH:  0    Dex: 18    Spells: 9/9 levels left

rFire    . . .     SeeInvis .   x - +3 dagger (flame)
rCold    . . .     Faith    +   (no shield)
rNeg     . . .     Spirit   .   (helmet restricted)
rPois    .         Reflect  .   a - amulet of faith
rElec    .         Harm     .   m - ring of resist corrosion
rCorr    +         Rampage  .   (no ring)
Will     .....                  (no ring) Stlth *+++++++++
                                (no ring)
HPRegen  0.21/turn              (no ring)
MPRegen  0.12/turn              (no ring)
                                (no ring)
                                (no ring)

@: wreathed by umbra
A: almost no armour, stealthy swim, amphibious, 8 rings, constrict 8, camouflage
1, gelatinous body 1
a: Renounce Religion, Shadow Step


You were on level 9 of the Dungeon.
You worshipped Dithmenos.
Dithmenos was greatly pleased with you.
You visited 1 branch of the dungeon, and saw 9 of its levels.

You collected 360 gold pieces.

Inventory:

Hand Weapons
 x - a +3 dagger of flaming (weapon)
Armour
 D - a +0 kite shield
Jewellery
 a - an amulet of faith (around mantle)
 l - an uncursed amulet of the acrobat
 m - a ring of resist corrosion (left tentacle)
 y - an uncursed ring of ice
Scrolls
 d - 2 scrolls of identify
 f - 2 scrolls of fog
 g - 2 scrolls of enchant armour
 h - a scroll of random uselessness {unknown}
 k - 2 scrolls of magic mapping
 n - a scroll of amnesia {unknown}
 p - 10 scrolls of remove curse
 s - a scroll of fear {unknown}
 u - 2 scrolls of teleportation {unknown}
 w - a scroll of blinking {unknown}
Potions
 b - a potion of flight {unknown}
 c - a potion of magic {unknown}
 e - 2 potions of curing
 i - 2 potions of lignification {unknown}
 j - a potion of brilliance {unknown}
 q - 2 potions of might {unknown}
 r - a potion of degeneration {unknown}
 t - a potion of attraction {unknown}
 v - a potion of berserk rage {unknown}
 z - a potion of ambrosia {unknown}
 A - a potion of invisibility {unknown}
 B - a potion of haste {unknown}
 C - a potion of mutation {unknown}


   Skills:
 + Level 6.4 Fighting
 + Level 6.3 Short Blades
 + Level 8.5 Dodging
 * Level 11.6 Stealth
 + Level 1.3 Shields


You had 9 spell levels left.
You didn't know any spells.
Your spell library contained the following spells:

 Spells                   Type           Power        Failure   Level
 Magic Dart               Conj           0%           30%         1
 Shock                    Conj/Air       0%           30%         1
 Blink                    Tloc           N/A          43%         2
 Call Imp                 Summ           0%           43%         2
 Slow                     Hex            0%           43%         2
 Swiftness                Air            0%           43%         2
 Conjure Flame            Conj/Fire      0%           67%         3
 Mephitic Cloud           Conj/Pois/Air  0%           67%         3
 Static Discharge         Conj/Air       0%           67%         3
 Airstrike                Air            0%           97%         4
 Lightning Bolt           Conj/Air       0%           100%        5


Dungeon Overview and Level Annotations

Branches:
Dungeon (9/15)             Temple (0/1) D:7
   Lair: D:8-11         Orc: D:9-12

Altars:
Dithmenos
Hepliaklqana
Kikubaaqudgha
Nemelex Xobeh
Qazlal
Ru
Vehumet
Xom
Yredelemnul

Shops:
D:6 *

Annotations:
D:5 3 runed translucent doors, sahdkjhfkaj's ghost, novice MfTm
D:8 Grum


Innate Abilities, Weirdness & Mutations

You cannot wear most types of armour.
You are very stealthy in the water. (Stealth+)
You are amphibious.
You can wear up to eight rings at the same time.
You can use your tentacles to constrict eight enemies at once.
Your skin changes colour to match your surroundings (Stealth+).
Your rubbery body absorbs attacks. (AC +1, EV +1)


Message History

A quokka comes into view.
Found 16 gold pieces.
The orc priest shouts!
The quokka twitches its whiskers.
The orc priest miscasts a cantrip.
A worker ant comes into view.
The quokka barely misses you. The quokka misses you.
The quokka closely misses you. The quokka bites you.
* * * LOW HITPOINT WARNING * * *
The quokka completely misses you. The quokka bites you.
* * * LOW HITPOINT WARNING * * *
The quokka splashes around in the water.
The quokka barely misses you.
The troll shouts!
The quokka completely misses you.
The orc priest mumbles some strange prayers to Beogh against you.
Beogh smites you!
You die...

.....$.........
...................
[B......B...........
....................
.....T..............
....≈...............
...≈≈≈.....≈r≈......
....≈.....≈≈@≈o.....
..........≈≈≈≈≈.....
..........≈≈≈≈≈.....
...........≈≈≈......
....................
..........).........
..........<.........
.≈≈≈................
≈≈≈≈≈..............


You could see a troll, a worker ant (wandering), an orc priest and a quokka.

Vanquished Creatures
  Pikel (D:7)
  Prince Ribbit (D:7)
  Edmund (D:5)
  2 orc warriors (D:7)
  An ice beast (D:5)
  A black bear (D:6)
  3 ogres (D:4)
  2 wolves (D:8)
  2 lemures (D:7)
  4 bullfrogs
  2 scorpions (D:7)
  4 killer bees (D:7)
  9 wights
  A howler monkey (D:5)
  2 bullfrog zombies
  A jelly (D:8)
  4 orc priests
  A centaur zombie (D:6)
  2 hounds
  9 orc wizards
  Terence (D:2)
  3 iguanas
  2 worker ants (D:4)
  2 hound zombies (D:6)
  A howler monkey skeleton (D:6)
  10 adders
  A white imp (D:3)
  An ooze (D:1)
  An adder skeleton (D:4)
  2 adder zombies (D:6)
  2 worms
  2 dart slugs
  3 leopard geckos (D:2)
  18 orcs
  2 ball pythons
  2 giant cockroaches
  5 goblins
  10 hobgoblins
  9 jackals
  5 kobolds
  A quokka (D:2)
  13 bats
  3 frilled lizards
  A jackal skeleton (D:6)
  2 jackal zombies
  2 leopard gecko zombies
  A quokka skeleton (D:6)
  4 rats
  A spectral orc (D:2)
163 creatures vanquished.

Notes
Turn   | Place    | Note
-------+----------+-------------------------------------------
     0 | D:1      | kaeus the Octopode Monk began the quest for the Orb.
     0 | D:1      | Reached XP level 1. HP: 16/16 MP: 1/1
    65 | D:1      | Reached skill level 3 in Stealth
    65 | D:1      | Reached XP level 2. HP: 16/21 MP: 2/2
   376 | D:1      | Reached XP level 3. HP: 20/26 MP: 3/3
  1166 | D:2      | Reached skill level 4 in Stealth
  1208 | D:2      | Reached XP level 4. HP: 31/31 MP: 4/4
  1247 | D:2      | You fall into a shaft and drop 1 floor!
  1308 | D:3      | Found a radiant altar of Vehumet.
  1312 | D:3      | HP: 1/31 [goblin/stone (3)]
  1683 | D:2      | Noticed Terence
  1688 | D:2      | Killed Terence
  1731 | D:2      | Reached XP level 5. HP: 36/36 MP: 5/5
  1736 | D:2      | Found a sacrificial altar of Ru.
  1812 | D:2      | Found a basalt altar of Yredelemnul.
  1981 | D:2      | Found a sacrificial altar of Ru.
  2230 | D:2      | Found a shimmering altar of Xom.
  2412 | D:3      | Reached skill level 5 in Stealth
  2509 | D:3      | Found a shadowy altar of Dithmenos.
  2510 | D:3      | Found a hazy altar of Hepliaklqana.
  2510 | D:3      | Found a stormy altar of Qazlal.
  2664 | D:3      | Found a faded altar of an unknown god.
  3331 | D:3      | Became a worshipper of Dithmenos the Shadowed
  3331 | D:3      | Reached * piety under Dithmenos
  3331 | D:3      | Reached ** piety under Dithmenos
  3356 | D:4      | Reached XP level 6. HP: 25/43 MP: 6/6
  3678 | D:4      | Reached skill level 6 in Stealth
  3684 | D:4      | HP: 2/43 [ogre/+0 giant club (29)]
  3691 | D:4      | Reached skill level 5 in Dodging
  3691 | D:4      | Reached XP level 7. HP: 3/48 MP: 7/7
  4313 | D:4      | Reached skill level 7 in Stealth
  4511 | D:4      | Found a sparkling altar of Nemelex Xobeh.
  4544 | D:5      | Entered Level 5 of the Dungeon
  4721 | D:5      | Found a runed translucent gate.
  4721 | D:5      | Found a runed translucent gate.
  4721 | D:5      | Found a runed translucent gate.
  5095 | D:5      | Reached XP level 8. HP: 54/54 MP: 8/8
  5104 | D:5      | Reached skill level 8 in Stealth
  5164 | D:5      | Noticed Edmund
  5172 | D:5      | Killed Edmund
  5589 | D:5      | Noticed sahdkjhfkaj's ghost (novice MfTm)
  5654 | D:5      | Reached skill level 5 in Fighting
  5950 | D:6      | Reached *** piety under Dithmenos
  5962 | D:6      | Reached skill level 5 in Short Blades
  6137 | D:6      | Reached skill level 9 in Stealth
  6169 | D:6      | Found Etsuus's Lightly-Used Armoury.
  7336 | D:7      | Reached XP level 9. HP: 61/61 MP: 9/9
  7698 | D:7      | Reached skill level 10 in Stealth
  7996 | D:7      | Noticed Prince Ribbit
  8002 | D:7      | Killed Prince Ribbit
  8039 | D:7      | Found a staircase to the Ecumenical Temple.
  8050 | D:7      | Noticed Pikel
  8099 | D:7      | Reached **** piety under Dithmenos
  8368 | D:7      | Found an ancient bone altar of Kikubaaqudgha.
  8564 | D:7      | Killed Pikel
  8565 | D:7      | Reached skill level 11 in Stealth
  9760 | D:8      | Noticed a skeletal warrior
  9920 | D:8      | Noticed Grum
  9921 | D:8      | Reached skill level 1 in Shields
  9930 | D:8      | Reached XP level 10. HP: 36/69 MP: 10/10
  9930 | D:8      | Noticed a skeletal warrior
  9935 | D:8      | Noticed a skeletal warrior
  9981 | D:9      | Killed from afar by an orc priest

Illustrated notes

Levels and vault maps discovered:
D:1:      kennysheep_arrival_seaside, layout_basic, hangedman_decor_growths
D:2:      layout_rooms, old_standard_altar, yredelemnul_forgotten_temple_becter,
          marbit_many_paths, nicolae_ru_awakened_eye, uniq_terence
D:3:      layout_basic, fiery_altar_vehumet,
          chequers_temple_overflow_statue_of_worship,
          chequers_ecumenical_altar_simple, kennysheep_generic_room_12
D:4:      layout_basic, kennysheep_little_box
D:5:      layout_layer_cave, gammafunk_ghost_icy, grunt_ministairs_12,
          uniq_edmund
D:6:      layout_cave_pools, serial_undead, serial_undead_b, serial_undead_c,
          serial_undead_c, serial_undead_a, minmay_shop_damaged
D:7:      layout_cave_pods, kennysheep_mini, minmay_temple_entry_glassed_door,
          uniq_prince_ribbit1, uniq_pikel
D:8:      layout_basic, uniq_grum
D:9:      layout_big_octagon, general_overflow_altar

Skill      XL: |  1  2  3  4  5  6  7  8  9 |
---------------+----------------------------+-----
Stealth        | 3 4 5 6 7 9 11 | 11.6
Dodging        | 4 5 7 8 |  8.5
Fighting       | 4 5 6 |  6.4
Short Blades   | 4 5 6 |  6.3
Shields        | 1 |  1.3

Action                   |  1- 3 |  4- 6 |  7- 9 | 10-12 || total
-------------------------+-------+-------+-------+-------++-------
Melee: Short sword       |    51 |       |       |       ||    51
       Tentacles         |    14 |    22 |    66 |     2 ||   104
       Constrict         |    16 |    19 |    51 |     3 ||    89
       Dagger            |    12 |   117 |   323 |     7 ||   459
  Use: Scroll            |       |       |    10 |       ||    10
       Potion            |       |       |     6 |     2 ||     8
 Stab: Sleeping          |     7 |    16 |    22 |       ||    45
       Distracted        |       |     1 |     1 |       ||     2
Armor: Skin              |     6 |     1 |     8 |       ||    15
Dodge: Dodged            |    40 |    73 |   205 |    10 ||   328
